 Dungeon Crawl Stone Soup version 0.17-a0-1-g1f4be75 (webtiles) character file.

18 amnekian the Magician (level 2, 0/19 HPs)
             Began as a Mummy Wizard on Mar 8, 2015.
             Slain by a jackal (2 damage)
             ... on level 1 of the Dungeon on Mar 9, 2015.
             The game lasted 00:07:02 (1239 turns).

amnekian the Magician (Mummy Wizard)                Turns: 1239, Time: 00:07:02

Health: 0/19       AC:  2    Str: 10    XL:     2   Next: 51%
Magic:  1/6        EV: 12    Int: 17    God:
Gold:   57         SH:  0    Dex: 10    Spells: 1 memorised, 6 levels left

rFire  x . .     SeeInvis .     e - +0 club
rCold  + . .     Clarity  .     a - +0 robe
rNeg   + + +     SustAb   .     (no shield)
rPois  ∞         Gourm    .     b - +0 hat
rElec  .         Spirit   .     (no cloak)
rCorr  .         Warding  .     (no gloves)
rMut   .         Stasis   .     (no boots)
MR     .....                    (no amulet)
Stlth  ++........               (no ring)
                                (no ring)

@: very slightly contaminated, not resistant to hostile enchantments, unstealthy
A: no food or potions, fire vulnerability, restore body, cold resistance 1,
negative energy resistance 3, poison resistance, torment resistance, unbreathing
a: no special abilities


You were on level 1 of the Dungeon.
You were not hungry.

You visited 1 branch of the dungeon, and saw 1 of its levels.

You collected 57 gold pieces.

Inventory:

Hand weapons
 e - a +0 club (weapon)
Missiles
 d - 27 arrows
 j - 47 stones (quivered)
Armour
 a - a +0 robe (worn)
 b - a +0 hat (worn)
 g - a +0 large shield
 h - a +2 pair of gloves
Scrolls
 f - a scroll of teleportation {unknown}
Potions
 i - 2 potions of curing {unknown}
Books
 c - a book of Minor Magic

   Spells                             Type                      Level
   a - Magic Dart                     Conjuration                  1
   b - Blink                          Translocation                2
   c - Call Imp                       Summoning                    2
   d - Repel Missiles                 Charms/Air                   2
   e - Slow                           Hexes                        2
   f - Conjure Flame                  Conjuration/Fire             3
   g - Mephitic Cloud                 Conjuration/Poison/Air       3


   Skills:
 - Level 2.2 Dodging
 - Level 1.5 Stealth
 - Level 3.0 Spellcasting
 * Level 1.3 Conjurations
   Level 0.7 Summonings
   Level 0.7 Translocations


You had 6 spell levels left.
You knew the following spells:

 Your Spells              Type           Power        Failure   Level  Hunger
a - Magic Dart            Conj           #...         12%         1    N/A

Dungeon Overview and Level Annotations

Branches:
Dungeon (1/15)

Altars:


Innate Abilities, Weirdness & Mutations

You do not eat or drink.
Your flesh is vulnerable to fire.
Your flesh is cold resistant.
You are immune to negative energy.
Your system is resistant to poisons.
You are immune to unholy pain and torment.
You can survive without breathing.


Message History

You closely miss the jackal.
The jackal is moderately wounded.
The jackal barely misses you. The jackal bites you.
You closely miss the jackal.
The jackal is moderately wounded.
The jackal misses you. The jackal barely misses you.
Casting: Magic Dart
Confirm with . or Enter, or press ? or * to list all spells.
Aiming: Magic Dart
Press: ? - help, Shift-Dir - straight line, f/p - jackal
Aim: a jackal (moderately wounded)
The magic dart hits the jackal.
The jackal is heavily wounded.
The jackal bites you.
* * * LOW HITPOINT WARNING * * *
The jackal bites you.
* * * LOW HITPOINT WARNING * * *
The jackal closely misses you. The jackal bites you.
You die... #..... .. #..... ♣♣♣♣♣♣♣♣♣ ##.. #..... ♣.......♣ #... ###..... ♣.PPPPP.♣

##..# #....... ♣.P≈≈≈P.♣ #..#
###.#..... ♣.P≈8≈P.♣##.####
##.........
♣.P≈≈≈P........####....######
♣.PPPPP♣♣...@h.r....#.####
♣......<♣####.#..........# ##
♣♣♣♣♣♣♣♣♣.....##.........###.
####.##.#..####........##..##.
..##........#...####.#####..#.
#....####.#...#####..# ##...
####.................#.## ###.
.........##.########....## #..
......#.....####
###...######.#


You could see a jackal and a rat.

Vanquished Creatures
  3 bats (D:1)
  4 goblins (D:1)
  3 hobgoblins (D:1)
  A jackal (D:1)
  A giant cockroach (D:1)
  2 giant newts (D:1)
  A kobold (D:1)
  2 rats (D:1)
17 creatures vanquished.

Notes
Turn   | Place    | Note
--------------------------------------------------------------
     0 | D:1      | amnekian, the Mummy Wizard, began the quest for the Orb.
     0 | D:1      | Reached XP level 1. HP: 13/13 MP: 4/4
   695 | D:1      | Reached XP level 2. HP: 19/19 MP: 4/6
   873 | D:1      | Reached skill level 1 in Conjurations
  1239 | D:1      | Slain by a jackal

Action                   || total
-------------------------++-------
Melee: Club              ||    30
       Unarmed           ||     7
Throw: Stone             ||     3
 Cast: Magic Dart        ||    45
